 Dungeon Sprint DCSS version 0.27-a0-1191-g601b473118 (webtiles) character file.

Game seed: 9538431756885078107

292 Zeld the Cleaver (level 6, 0/57 HPs)
             Began as a Minotaur Berserker on May 24, 2021.
             Was a Believer of Trog.
             Slain by Sonja
             ... wielding a +2 short sword of venom
              (5 damage)
             ... in the Dungeon (Sprint I: "Red Sonja").
             The game lasted 00:00:49 (454 turns).

Zeld the Cleaver (Minotaur Berserker)                Turns: 454, Time: 00:00:50

Health: 0/57       AC:  3    Str: 24    XL:     6   Next: 10%
Magic:  5/5        EV: 12    Int:  4    God:    Trog [**....]
Gold:   314        SH:  0    Dex:  9    Spells: 5/5 levels left

rFire    . . .     SeeInvis .   a - +0 hand axe
rCold    . . .     Faith    .   (no shield)
rNeg     . . .     Spirit   .   b - +0 leather armour
rPois    .         Reflect  .   (helmet restricted)
rElec    .         Harm     .   (no cloak)
rCorr    .         Rampage  .   (no gloves)
Will     ++...     NoTele   +   (no boots)
Stlth    +.........             (no amulet)
HPRegen  1.19/turn              (no ring)
MPRegen  0.09/turn              (no ring)

@: lethally poisoned (0 -> -23), strong-willed, on berserk cooldown,
regenerating, slowed, very slow
A: horns 2, retaliatory headbutt
a: Renounce Religion, Berserk, Trog's Hand


You were in the Dungeon.
You worshipped Trog.
Trog was pleased with you.
You visited 1 branch You collected 314 gold pieces.

Inventory:

Hand Weapons
 a - a +0 hand axe (weapon)
Armour
 b - a +0 leather armour (worn)
Scrolls
 h - a scroll of blinking
Potions
 e - a potion of haste
 f - 2 potions of magic
 g - a potion of berserk rage


   Skills:
 * Level 5.8 Fighting
 - Level 14.0 Axes
 - Level 2.4 Armour
 + Level 3.6 Dodging


You had 5 spell levels left.
You didn't know any spells.
Your spell library was empty.

Dungeon Overview and Level Annotations

Branches:
Dungeon (1/1)

Altars:
Sif Muna
Vehumet
Wu Jian

Annotations:
D Sonja


Innate Abilities, Weirdness & Mutations

You have a pair of horns on your head.
You reflexively headbutt those who attack you in melee.


Message History

Sonja gestures wildly while chanting.
Sonja blinks!
You feel much better.
You feel very sick.
Sonja mumbles some strange words.
Sonja resists with significant effort.
Sonja drinks a potion.
Sonja is healed!
Unknown command.
You feel better.
Your skin crawls.
You feel strong-willed. Sonja barely misses you. x2
Sonja hits you with a +2 short sword of venom.
You are poisoned.
Sonja misses you. You furiously retaliate!
You headbutt Sonja! Sonja closely misses you. Sonja misses you.
You miss Sonja. Your headbutt misses Sonja.
Sonja is severely wounded.
You feel very sick. Sonja closely misses you.
Sonja hits you with a +2 short sword of venom.
You are more poisoned.
Sonja hits you with a +2 short sword of venom.
You are more poisoned.
You completely miss Sonja. Your headbutt misses Sonja.
Sonja is severely wounded.
You feel very sick. Sonja barely misses you.
Sonja hits you with a +2 short sword of venom. x2
* * * LOW HITPOINT WARNING * * *
You are lethally poisoned!
You completely miss Sonja.
Sonja is severely wounded.
* * * LOW HITPOINT WARNING * * *
You feel very sick. Sonja barely misses you.
Sonja hits you with a +2 short sword of venom.
* * * LOW HITPOINT WARNING * * *
You are more poisoned.
Sonja hits you with a +2 short sword of venom.
You die...

################
#<.#..)..#..'..#
#..').#..').#..+
#..#####'#####'#
#..# #..#...#)#
#..# ####..##.#
#..# ##'#_.+
#⌠⌠# +@K._# ####
#_.#'# ##'#(#
.### .$ .$# .##
+#


You could see Sonja.

Vanquished Creatures
  Sigmund (D)
  An ogre (D)
  A jelly (D)
  Ijyb (D)
4 creatures vanquished.

Notes
Turn   | Place    | Note
-------+----------+-------------------------------------------
     0 | D        | Zeld the Minotaur Berserker began the quest for the Orb.
     0 | D        | Reached XP level 1. HP: 19/19 MP: 0/0
     8 | D        | Noticed Ijyb
    14 | D        | Killed Ijyb
    15 | D        | Reached skill level 7 in Axes
    15 | D        | Reached XP level 2. HP: 26/26 MP: 1/1
   179 | D        | Noticed an ogre
   183 | D        | Killed an ogre
   184 | D        | Reached skill level 11 in Axes
   184 | D        | Reached XP level 3. HP: 31/31 MP: 2/2
   184 | D        | Reached XP level 4. HP: 39/39 MP: 3/3
   237 | D        | Noticed Sigmund
   242 | D        | Killed Sigmund
   242 | D        | Reached ** piety under Trog
   243 | D        | Reached skill level 14 in Axes
   243 | D        | Reached XP level 5. HP: 47/47 MP: 4/4
   363 | D        | Found an ornate altar of the Wu Jian Council.
   363 | D        | Found a shimmering blue altar of Sif Muna.
   366 | D        | Found a radiant altar of Vehumet.
   370 | D        | Reached skill level 5 in Fighting
   370 | D        | Reached XP level 6. HP: 57/57 MP: 5/5
   434 | D        | Noticed Sonja
   454 | D        | Slain by Sonja

Illustrated notes

Levels and vault maps discovered:
D:        dungeon_sprint_1 [red_sonja_temple_1, red_sonja_temple_small_1]

Skill      XL: |  1  2  3  4  5 |
---------------+----------------+-----
Axes           | 7 11 14 | 14.0
Fighting       | 4 5 |  5.8
Dodging        | 3 |  3.6
Armour         | |  2.4

Action                   |  1- 3 |  4- 6 || total
-------------------------+-------+-------++-------
Melee: Hand axe          |     7 |    18 ||    25
       Headbutt          |       |     1 ||     1
Invok: Berserk           |     2 |     3 ||     5
       Trog's Hand       |       |     1 ||     1
  Use: Potion            |       |     2 ||     2
Dodge: Dodged            |     2 |    18 ||    20

Table legend: (Time is in decaauts)
 A = Elapsed time spent in this place.
 B = Non-inter-level travel time spent in this place.
 C = Inter-level travel time spent in this place.
 D = Time resting spent in this place.
 E = Time spent auto-exploring this place.
 F = Levels seen in this place.
 G = Mean time per level.
                   A        B        C        D        E       F      G
               +--------+--------+--------+--------+--------+-----+--------+
         Total |    485 |    485 |      0 |    381 |      0 |   1 |  485.0 |
       Dungeon |    485 |    485 |      0 |    381 |      0 |   1 |  485.0 |
               +--------+--------+--------+--------+--------+-----+--------+

Top non-repeatable levels by time:
       D: 485 daAuts
